 Dungeon Crawl Stone Soup version 0.18.1-48-g4cf74bf (webtiles) character file.

179 Peloso the Covered (level 5, -3/47 HPs)
             Began as a Minotaur Fighter on Aug 15, 2016.
             Killed from afar by Natasha (9 damage)
             ... with a magic dart
             ... on level 4 of the Dungeon.
             The game lasted 00:04:47 (2152 turns).

Peloso the Covered (Minotaur Fighter)               Turns: 2152, Time: 00:04:48

Health: -3/47      AC: 12    Str: 25    XL:     5   Next: 33%
Magic:  4/4        EV:  5    Int:  5    God:
Gold:   159        SH: 10    Dex: 11    Spells: 0 memorised, 4 levels left

rFire  . . .     SeeInvis .     a - +0 long sword
rCold  . . .     Gourm    .     t - +0 plate armour
rNeg   . . .     Faith    .     h - +0 shield (curse)
rPois  .         Spirit   .     (helmet restricted)
rElec  .         Dismiss  .     (no cloak)
rCorr  .         Reflect  .     (no gloves)
SustAt .         Harm     .     (no boots)
MR     .....                    (no amulet)
Stlth  ..........               (no ring)
                                (no ring)

@: mighty, lethally poisoned (-3 -> -4), flying, not resistant to hostile
enchantments, extremely unstealthy
A: retaliatory headbutt, horns 2, mutation resistance 1
a: no special abilities


You were on level 4 of the Dungeon.
You were very hungry.

You visited 1 branch of the dungeon, and saw 4 of its levels.

You collected 159 gold pieces.

Inventory:

Hand Weapons
 a - a +0 long sword (weapon)
Armour
 b - a +0 scale mail
 c - a +0 shield
 h - a cursed +0 shield (worn)
 q - a +0 chain mail
 t - a +0 plate armour (worn)
Scrolls
 e - 3 scrolls of enchant armour {unknown}
 k - 6 scrolls of teleportation {unknown}
 n - a scroll of random uselessness {unknown}
 o - 4 scrolls of identify {unknown}
 r - a scroll of blinking {unknown}
 u - a scroll of magic mapping {unknown}
 w - 2 scrolls of enchant weapon {unknown}
Potions
 d - a potion of might
 i - a potion of mutation
 m - a potion of flight
 p - a potion of cure mutation {unknown}
 s - a potion of ambrosia {unknown}
 v - a potion of invisibility {unknown}
 x - a potion of cancellation {unknown}
Comestibles
 f - 2 bread rations
 g - 3 slices of pizza
 j - 2 meat rations


   Skills:
 + Level 4.5 Fighting
 + Level 3.7 Long Blades
 + Level 5.0 Armour
 + Level 0.9 Dodging
 + Level 0.6 Stealth
 + Level 4.6 Shields


You had 4 spell levels left.
You didn't know any spells.

Dungeon Overview and Level Annotations

Branches:
Dungeon (4/15)
 Temple: D:4-7

Altars:
Trog
Yredelemnul

Annotations:
D:4 Natasha


Innate Abilities, Weirdness & Mutations

You reflexively headbutt those who attack you in melee.
You have a pair of horns on your head.
You are somewhat resistant to further mutation.


Message History

The killer bee barely misses you. x2
The killer bee stings you but does no damage.
Unknown command.
You barely miss the killer bee. Your headbutt misses the killer bee.
The killer bee is severely wounded.
The killer bee stings you.
* * * LOW HITPOINT WARNING * * *
You block the killer bee's attack.
Unknown command.
You slice the killer bee!!
You kill the killer bee!
Your Armour skill increases to level 5!
You have reached level 5!
You feel sick.
Natasha, Servant of Life and Death comes into view.
Natasha hisses angrily.
You see here a fruit.
Natasha stares at you and mumbles some strange words.
The magic dart hits you!
You die...

##### ... ...
... ##h## ...
#.# #@# #####
#%# #...# #.#
#.<.## #.#
#....# #.#
##...## #.#
#....###.##
##....##..####
#[⌠....!....#


You could see Natasha.

Vanquished Creatures
  2 killer bees (D:4)
  2 adders
  A worm (D:1)
  3 dart slugs
  2 giant geckos (D:1)
  2 orcs (D:3)
  2 ball pythons (D:2)
  4 giant cockroaches
  3 goblins
  8 hobgoblins
  4 jackals
  2 kobolds
  11 bats
  5 giant newts
  5 rats
56 creatures vanquished.

Notes
Turn   | Place    | Note
--------------------------------------------------------------
     0 | D:1      | Peloso the Minotaur Fighter began the quest for the Orb.
     0 | D:1      | Reached XP level 1. HP: 19/19 MP: 0/0
   182 | D:1      | Reached XP level 2. HP: 23/27 MP: 1/1
   857 | D:2      | Reached XP level 3. HP: 33/33 MP: 2/2
   866 | D:2      | Found a basalt altar of Yredelemnul.
  1314 | D:2      | Reached skill level 4 in Armour
  1369 | D:2      | Found a bloodstained altar of Trog.
  1775 | D:3      | Reached XP level 4. HP: 36/40 MP: 3/3
  2133 | D:4      | Gained mutation: You are somewhat resistant to further mutation. [potion of mutation]
  2149 | D:4      | Reached skill level 5 in Armour
  2149 | D:4      | Reached XP level 5. HP: 6/47 MP: 4/4
  2150 | D:4      | Noticed Natasha
  2152 | D:4      | Killed from afar by Natasha

Skill      XL: |  1  2  3  4 |
---------------+-------------+-----
Fighting       | 4 |  4.5
Shields        | 4 |  4.6
Armour         | 4 5 |  5.0
Long Blades    | 3 |  3.7
Dodging        | |  0.9
Stealth        | |  0.6

Action                   |  1- 3 |  4- 6 || total
-------------------------+-------+-------++-------
Melee: Long sword        |   105 |    41 ||   146
       Headbutt          |    19 |     9 ||    28
  Use: Potion            |       |     4 ||     4
  Eat: Chunk             |     2 |     1 ||     3
Armor: Scale mail        |    15 |       ||    15
       Chain mail        |    34 |       ||    34
       Plate armour      |    29 |    41 ||    70
Dodge: Dodged            |    32 |    11 ||    43
Block: Shield            |    49 |    31 ||    80
